Boston Bruins vs Montreal Canadiens

Created - Saturday, August 23, 2025 at 09:21

Goals
1 2 3 T
Boston Bruins 1 0 2 3
Montreal Canadiens 3 1 0 4
Shots
1 2 3 T
Boston Bruins 11 9 5 25
Montreal Canadiens 25 12 7 44

1st period

1. Montreal Canadiens , Martin Necas 7 (Juraj Slafkovsky 9) at 6:51
2. Montreal Canadiens , Dylan Larkin 7 (Juraj Slafkovsky 10, Martin Necas 11) at 7:11
3. Boston Bruins , Taylor Raddysh 3 (Sam Colangelo 2, Jani Nyman 7) at 10:18
4. Montreal Canadiens , Aliaksei Protas 4 (Macklin Celebrini 10, Lane Hutson 10) at 12:29

Penalties :
Alex Laferriere (BOS) for Holding (Minor) at 2:23, Samuel Girard (BOS) for High sticking (Minor) at 7:26

2nd period

5. Montreal Canadiens , Brad Marchand 10 (Jayden Struble 5) at 5:52

Penalties :
Ryan Strome (BOS) for Holding (Minor) at 13:02

3rd period

6. Boston Bruins , Alex Laferriere 14 (Jaden Schwartz 15) at 18:08 (PP)
7. Boston Bruins , Rasmus Sandin 1 (John Marino 8, Petr Mrazek) at 18:33 (PP)

Penalties :
Maxim Tsyplakov (BOS) for Slashing (Minor) at 3:30, Urho Vaakanainen (BOS) for Tripping (Minor) at 7:26, Mark Kastelic (BOS) for Tripping (Minor) at 14:55, Jake Evans (MTL) for Delaying the game (Minor) at 18:05, Adam Fox (MTL) for Tripping (Minor) at 18:22, Samuel Girard (BOS) for Tripping (Minor) at 18:58

Goalie Stats

Petr Mrazek (BOS), 40 saves from 44 shots - (0.909), L, 2-5-2, 60:00 minutes
Pyotr Kochetkov (MTL), 22 saves from 25 shots - (0.880), W, 3-1-1, 60:00 minutes

Players Stats for Boston Bruins

Player Name              G  A  P  +/- PIM S  H  SB GA TA FO     MP     PP MP  PK MP  
------------------------------------------------------------------------------------
Adam Wilsby              0  0  0   1  0   1  2  2  0  0  0/0    17:03   0:00   2:02 
Alex Laferriere          1  0  1   0  2   1  1  0  1  1  0/1    18:59   0:03   4:21 
Beck Malenstyn           0  0  0   1  0   0  2  0  0  1  0/3     9:29   0:00   0:00 
Jaden Schwartz           0  1  1   0  0   1  1  0  0  0  8/24   20:05   0:03   5:26 
Jani Nyman               0  1  1  -2  0   4  2  0  0  2  0/2    14:25   0:11   2:59 
Joel Farabee             0  0  0  -2  0   1  2  0  0  0  4/11   12:26   0:00   1:22 
John Marino              0  1  1  -3  0   1  0  2  1  1  0/0    23:37   0:11   5:44 
Mark Kastelic            0  0  0  -2  2   0  2  0  0  0  2/13   12:13   0:00   1:02 
Maxim Tsyplakov          0  0  0  -2  2   1  1  2  1  0  0/0    11:41   0:11   0:00 
Rasmus Sandin            1  0  1  -3  0   2  0  1  0  0  0/0    23:21   0:11   5:44 
Ryan Strome              0  0  0   0  2   0  3  1  0  0  1/2    18:32   0:03   4:07 
Sam Colangelo            0  1  1   1  0   4  0  0  2  0  0/0    10:13   0:00   0:33 
Samuel Girard            0  0  0  -1  4   1  0  2  0  1  0/0    19:59   0:03   5:09 
Taylor Raddysh           1  0  1   1  0   4  0  0  3  1  0/1     9:26   0:00   0:00 
Ty Emberson              0  0  0   0  0   1  2  1  0  1  0/0    21:44   0:03   6:24 
Urho Vaakanainen         0  0  0   0  2   0  0  0  0  0  0/0    15:16   0:00   0:47 
Viktor Arvidsson         0  0  0  -2  0   0  1  0  0  0  0/1    10:47   0:00   0:00 
Vladimir Tarasenko       0  0  0  -2  0   3  1  0  0  1  0/0    17:42   0:11   6:00 

Players Stats for Montreal Canadiens

Player Name              G  A  P  +/- PIM S  H  SB GA TA FO     MP     PP MP  PK MP  
------------------------------------------------------------------------------------
Adam Fox                 0  0  0  -1  2   0  1  2  0  1  0/0    21:11   6:39   0:00 
Aliaksei Protas          1  0  1   2  0   4  1  0  0  1  1/1    19:01   5:32   0:00 
Brad Marchand            1  0  1   2  0   7  2  0  0  0  0/1    18:56   5:29   0:00 
Brady Skjei              0  0  0   0  0   1  3  1  1  0  0/0    23:49   6:39   0:03 
Damon Severson           0  0  0   2  0   2  3  0  0  0  0/0    22:21   5:41   0:03 
Drew O'Connor            0  0  0   0  0   0  1  0  0  0  0/0     6:34   0:14   0:12 
Dylan Larkin             1  0  1   1  0   3  1  0  1  0  20/24  19:34   6:02   0:00 
Evgeni Dadonov           0  0  0   0  0   1  1  0  2  0  0/0     7:09   1:34   0:00 
Ilya Lyubushkin          0  0  0   1  0   0  1  0  0  1  0/0    13:53   0:35   0:11 
Jake Evans               0  0  0   0  2   1  1  0  0  0  9/10   14:00   0:14   0:02 
Jayden Struble           0  1  1   1  0   0  1  2  0  1  0/0    14:07   0:49   0:11 
Juraj Slafkovsky         0  2  2   1  0   5  3  0  0  0  0/1    19:53   5:49   0:00 
Lane Hutson              0  1  1   3  0   4  3  0  1  1  0/0    24:52   5:41   0:00 
Macklin Celebrini        0  1  1   2  0   6  2  0  1  0  8/13   19:01   5:32   0:00 
Martin Necas             1  1  2   1  0   5  1  1  1  1  2/3    19:34   6:02   0:00 
Patrik Laine             0  0  0   0  0   4  0  0  0  1  1/1    14:38   0:56   0:00 
Ryan Poehling            0  0  0   0  0   0  1  0  2  0  0/1    14:54   1:07   0:02 
Teddy Blueger            0  0  0   0  0   1  1  1  0  1  2/3     6:17   0:00   0:12 

3 Stars

1 - Martin Necas (MTL)
2 - Brad Marchand (MTL)
3 - Juraj Slafkovsky (MTL)

Power Play

Boston Bruins - 2 on 2 Attempt(s) - 100.00%
Montreal Canadiens - 0 on 7 Attempt(s) - 0.00%

Penalty Kill

Boston Bruins - 7 on 7 Attempt(s) - 100.00% - Score 0 goal in Penalty Kill
Montreal Canadiens - 0 on 2 Attempt(s) - 0.00% - Score 0 goal in Penalty Kill

Team Stat

Boston Bruins - Hits : 20 - Faceoff Wins : 15 - Blocked Shots : 11 - Penalty Minutes : 14
Montreal Canadiens - Hits : 27 - Faceoff Wins : 43 - Blocked Shots : 7 - Penalty Minutes : 4

Official

Referees : Wes Mccauley and Conor O'Donnell
Linesman : Bryan Pancich

Game Notes

No Game Note

Finance

Level 1 -- Attendance: 6000 (100.00%) -- Ticket Income $558,000
Level 2 -- Attendance: 4696 (93.92%) -- Ticket Income $248,888
Level 3 -- Attendance: 2990 (99.67%) -- Ticket Income $95,680
Level 4 -- Attendance: 4697 (93.94%) -- Ticket Income $103,334
Luxury Box -- Attendance: 806 (80.60%) -- Ticket Income $157,170
Game was played at the Bell Centre.
Total Attendance: 19189 (95.95%)
Total Ticket Income: $1,163,072
Other Income: $407,075
Total Income: $1,570,147

Boston Bruins

5 vs 5 Forward 
   Center                   Left Wing                Right Wing               Time % Phy DF OF 
 1 Jaden Schwartz           Alex Laferriere          Ryan Strome              30     1   2  2  
 2 Mark Kastelic            Vladimir Tarasenko       Maxim Tsyplakov          30     1   2  2  
 3 Joel Farabee             Viktor Arvidsson         Jani Nyman               25     1   2  2  
 4 Beck Malenstyn           Sam Colangelo            Taylor Raddysh           15     1   2  2  

5 vs 5 Defense 
   Defense                  Defense                                           Time % Phy DF OF 
 1 Samuel Girard            Ty Emberson                                       35     1   2  2  
 2 Rasmus Sandin            John Marino                                       35     1   2  2  
 3 Urho Vaakanainen         Adam Wilsby                                       30     1   2  2  
 4 Samuel Girard            Ty Emberson                                       0      1   2  2  

PowerPlay Forward 
   Center                   Left Wing                Right Wing               Time % Phy DF OF 
 1 Jaden Schwartz           Alex Laferriere          Ryan Strome              50     1   2  2  
 2 Jani Nyman               Vladimir Tarasenko       Maxim Tsyplakov          50     1   2  2  

PowerPlay Defense
   Defense                  Defense                                           Time % Phy DF OF 
 1 Samuel Girard            Ty Emberson                                       50     1   2  2  
 2 Rasmus Sandin            John Marino                                       50     1   2  2  

Penalty Kill 4 Players Forward 
   Center                   Wing                     Time % Phy DF OF 
 1 Jaden Schwartz           Alex Laferriere          50     1   2  2  
 2 Ryan Strome              Vladimir Tarasenko       50     1   2  2  

Penalty Kill 4 Players Defense
   Defense                  Defense                  Time % Phy DF OF 
 1 Samuel Girard            Ty Emberson              50     1   2  2  
 2 Rasmus Sandin            John Marino              50     1   2  2  

Penalty Kill - 3 Players Forward 
   Forward                                           Time % Phy DF OF 
 1 Jaden Schwartz                                    50     1   2  2  
 2 Alex Laferriere                                   50     1   2  2  

Penalty Kill - 3 Players Defense
   Defense                  Defense                  Time % Phy DF OF 
 1 Samuel Girard            Ty Emberson              50     1   2  2  
 2 Rasmus Sandin            John Marino              50     1   2  2  

4 vs 4 Forward 
   Center                   Wing                     Time % Phy DF OF 
 1 Jaden Schwartz           Alex Laferriere          50     1   2  2  
 2 Ryan Strome              Vladimir Tarasenko       50     1   2  2  

4 vs 4 Defense
   Defense                  Defense                  Time % Phy DF OF 
 1 Samuel Girard            Ty Emberson              50     1   2  2  
 2 Rasmus Sandin            John Marino              50     1   2  2  

Last Minutes Offensive
   Center                   Left Wing                Right Wing               Defense                  Defense                  
   Jaden Schwartz           Alex Laferriere          Ryan Strome              Samuel Girard            Ty Emberson              

Last Minutes Defensive
   Center                   Left Wing                Right Wing               Defense                  Defense                  
   Jaden Schwartz           Alex Laferriere          Ryan Strome              Samuel Girard            Ty Emberson              

Goaltenders
Starting : Petr Mrazek              
Backup : Leevi Merilainen         

Extra Forwards
Normal : Beck Malenstyn, Sam Colangelo, Jani Nyman - PP : Beck Malenstyn, Sam Colangelo - PK : Jani Nyman
Extra Defensemen
Normal : Urho Vaakanainen, Adam Wilsby, Rasmus Sandin - PP : Urho Vaakanainen - PK : Adam Wilsby, Rasmus Sandin
Penalty Shots
Jaden Schwartz, Alex Laferriere, Ryan Strome, Vladimir Tarasenko, Maxim Tsyplakov

Scratches
Aatu Raty (Healthy), Victor Mancini (Healthy), Fabian Lysell (Healthy), Sam Morton (Healthy), Jakob Pelletier (Healthy)

Montreal Canadiens

5 vs 5 Forward 
   Center                   Left Wing                Right Wing               Time % Phy DF OF 
 1 Dylan Larkin             Juraj Slafkovsky         Martin Necas             35     0   3  2  
 2 Macklin Celebrini        Brad Marchand            Aliaksei Protas          30     0   3  2  
 3 Jake Evans               Ryan Poehling            Patrik Laine             25     1   3  1  
 4 Teddy Blueger            Evgeni Dadonov           Drew O'Connor            10     1   3  1  

5 vs 5 Defense 
   Defense                  Defense                                           Time % Phy DF OF 
 1 Brady Skjei              Adam Fox                                          35     1   3  1  
 2 Lane Hutson              Damon Severson                                    30     1   3  1  
 3 Ilya Lyubushkin          Jayden Struble                                    25     1   3  1  
 4 Brady Skjei              Lane Hutson                                       10     1   3  1  

PowerPlay Forward 
   Center                   Left Wing                Right Wing               Time % Phy DF OF 
 1 Dylan Larkin             Brad Marchand            Martin Necas             50     0   0  5  
 2 Macklin Celebrini        Juraj Slafkovsky         Aliaksei Protas          50     0   0  5  

PowerPlay Defense
   Defense                  Defense                                           Time % Phy DF OF 
 1 Brady Skjei              Adam Fox                                          50     0   1  4  
 2 Lane Hutson              Damon Severson                                    50     0   1  4  

Penalty Kill 4 Players Forward 
   Center                   Wing                     Time % Phy DF OF 
 1 Jake Evans               Ryan Poehling            50     0   5  0  
 2 Teddy Blueger            Drew O'Connor            50     0   5  0  

Penalty Kill 4 Players Defense
   Defense                  Defense                  Time % Phy DF OF 
 1 Brady Skjei              Damon Severson           50     1   4  0  
 2 Ilya Lyubushkin          Jayden Struble           50     1   4  0  

Penalty Kill - 3 Players Forward 
   Forward                                           Time % Phy DF OF 
 1 Jake Evans                                        50     0   5  0  
 2 Ryan Poehling                                     50     0   5  0  

Penalty Kill - 3 Players Defense
   Defense                  Defense                  Time % Phy DF OF 
 1 Brady Skjei              Damon Severson           50     0   5  0  
 2 Ilya Lyubushkin          Jayden Struble           50     0   5  0  

4 vs 4 Forward 
   Center                   Wing                     Time % Phy DF OF 
 1 Jake Evans               Patrik Laine             50     1   2  2  
 2 Teddy Blueger            Ryan Poehling            50     1   2  2  

4 vs 4 Defense
   Defense                  Defense                  Time % Phy DF OF 
 1 Brady Skjei              Adam Fox                 50     1   2  2  
 2 Lane Hutson              Damon Severson           50     1   2  2  

Last Minutes Offensive
   Center                   Left Wing                Right Wing               Defense                  Defense                  
   Dylan Larkin             Brad Marchand            Martin Necas             Lane Hutson              Adam Fox                 

Last Minutes Defensive
   Center                   Left Wing                Right Wing               Defense                  Defense                  
   Jake Evans               Ryan Poehling            Drew O'Connor            Ilya Lyubushkin          Brady Skjei              

Goaltenders
Starting : Pyotr Kochetkov          
Backup : Stuart Skinner           

Extra Forwards
Normal : Brad Marchand, Dylan Larkin, Martin Necas - PP : Brad Marchand, Dylan Larkin - PK : Jake Evans
Extra Defensemen
Normal : Brady Skjei, Adam Fox, Lane Hutson - PP : Adam Fox - PK : Brady Skjei, Lane Hutson
Penalty Shots
Martin Necas, Dylan Larkin, Brad Marchand, Macklin Celebrini, Juraj Slafkovsky

Scratches
Conor Timmins (Healthy), David Rittich (Healthy)

% Time on Ice - Boston Bruins

Lines # - Real PCT - Wanted PCT - Time Play
Normal Forward
1 - 31% - 30% - 14:42
2 - 25% - 30% - 11:56
3 - 23% - 25% - 10:47
4 - 20% - 15% - 9:26
Normal Defense
1 - 33% - 35% - 15:17
2 - 38% - 35% - 17:51
3 - 29% - 30% - 13:43
4 - 0% - 0% - 0:00
PP Forward
1 - 21% - 50% - 0:03
2 - 79% - 50% - 0:11
PP Defense
1 - 21% - 50% - 0:03
2 - 79% - 50% - 0:11
PK Forward
1 - 41% - 50% - 5:17
2 - 59% - 50% - 7:38
PK Defense
1 - 50% - 50% - 6:24
2 - 50% - 50% - 6:31
PK3 Forward
1 - 0% - 50%
2 - 0% - 50%
PK3 Defense
1 - 0% - 50%
2 - 0% - 50%
44 Forward
1 - 0% - 50%
2 - 0% - 50%
44 Defense
1 - 0% - 50%
2 - 0% - 50%
Last Minute Offensive  - 0:00
Last Minute Defensive  - 0:00
Total
Forward - 60:00
Defense - 60:00

% Time on Ice - Montreal Canadiens

Lines # - Real PCT - Wanted PCT - Time Play
Normal Forward
1 - 29% - 35% - 13:32
2 - 29% - 30% - 13:29
3 - 29% - 25% - 13:42
4 - 13% - 10% - 6:05
Normal Defense
1 - 31% - 35% - 14:30
2 - 36% - 30% - 16:37
3 - 28% - 25% - 13:07
4 - 5% - 10% - 2:34
PP Forward
1 - 57% - 50% - 7:23
2 - 43% - 50% - 5:32
PP Defense
1 - 56% - 50% - 7:14
2 - 44% - 50% - 5:41
PK Forward
1 - 14% - 50% - 0:02
2 - 86% - 50% - 0:12
PK Defense
1 - 21% - 50% - 0:03
2 - 79% - 50% - 0:11
PK3 Forward
1 - 0% - 50%
2 - 0% - 50%
PK3 Defense
1 - 0% - 50%
2 - 0% - 50%
44 Forward
1 - 0% - 50%
2 - 0% - 50%
44 Defense
1 - 0% - 50%
2 - 0% - 50%
Last Minute Offensive  - 0:00
Last Minute Defensive  - 0:03
Total
Forward - 60:00
Defense - 60:00

Play-by-Play

1st period


0:01 of 1st period - Dylan Larkin wins face-off versus Alex Laferriere in neutral zone.
0:32 of 1st period - Snap shot by Macklin Celebrini.
0:32 of 1st period - Shot Misses the Net.
0:34 of 1st period - Slapshot by Brady Skjei.
0:34 of 1st period - Shot Blocked by Samuel Girard.
0:54 of 1st period - Wrist shot by Patrik Laine.
0:54 of 1st period - Stopped by Petr Mrazek with a rebound.
0:56 of 1st period - Slapshot by Damon Severson.
0:56 of 1st period - Shot Blocked by Samuel Girard.
0:58 of 1st period - Snap shot by Jake Evans.
0:58 of 1st period - Stopped by Petr Mrazek without a rebound.
0:59 of 1st period - Teddy Blueger wins face-off versus Taylor Raddysh in Boston Bruins zone.
1:33 of 1st period - Jaden Schwartz is hit by Juraj Slafkovsky and loses puck.
1:38 of 1st period - Snap shot by Martin Necas.
1:38 of 1st period - Stopped by Petr Mrazek without a rebound.
1:39 of 1st period - Joel Farabee wins face-off versus Macklin Celebrini in Boston Bruins zone.
1:50 of 1st period - Slapshot by Jani Nyman.
1:50 of 1st period - Stopped by Pyotr Kochetkov with a rebound.
2:23 of 1st period - Minor Penalty to Alex Laferriere for Holding.
2:24 of 1st period - Jaden Schwartz wins face-off versus Dylan Larkin in Boston Bruins zone.
2:24 of 1st period - Jaden Schwartz is hit by Brady Skjei.
2:31 of 1st period - Icing by Adam Fox.
2:32 of 1st period - Jaden Schwartz wins face-off versus Brad Marchand in Montreal Canadiens zone.
2:33 of 1st period - Snap shot by Jani Nyman.
2:33 of 1st period - Shot Misses the Net.
2:35 of 1st period - Slapshot by Samuel Girard.
2:35 of 1st period - Stopped by Pyotr Kochetkov with a rebound.
2:45 of 1st period - Jani Nyman is hit by Adam Fox and loses puck.
3:40 of 1st period - John Marino is hit by Brady Skjei and loses puck.
3:47 of 1st period - Slapshot by Macklin Celebrini.
3:47 of 1st period - Shot Blocked by John Marino.
3:49 of 1st period - Snap shot by Juraj Slafkovsky.
3:49 of 1st period - Deflect By Aliaksei Protas.
3:49 of 1st period - Shot Misses the Net.
3:49 of 1st period - Puck is out of play.
3:50 of 1st period - Jaden Schwartz wins face-off versus Macklin Celebrini in Boston Bruins zone.
4:15 of 1st period - Damon Severson is hit by Ty Emberson and loses puck.
4:23 of 1st period - Penalty to Alex Laferriere is over, Alex Laferriere is back on ice.
4:34 of 1st period - Snap shot by Sam Colangelo.
4:34 of 1st period - Stopped by Pyotr Kochetkov with a rebound.
4:42 of 1st period - Adam Wilsby is hit by Lane Hutson and loses puck.
5:31 of 1st period - Jani Nyman is hit by Jake Evans and loses puck.
5:44 of 1st period - Mark Kastelic is hit by Juraj Slafkovsky and loses puck.
5:54 of 1st period - Off-side.
5:55 of 1st period - Teddy Blueger wins face-off versus Beck Malenstyn in neutral zone.
6:06 of 1st period - Taylor Raddysh is hit by Evgeni Dadonov and loses puck.
6:29 of 1st period - Snap shot by Macklin Celebrini.
6:29 of 1st period - Stopped by Petr Mrazek with a rebound.
6:51 of 1st period - Snap shot by Martin Necas.
6:51 of 1st period - Goal by Martin Necas - Boston Bruins : 0 - Montreal Canadiens : 1.
6:52 of 1st period - Dylan Larkin wins face-off versus Mark Kastelic in neutral zone.
7:01 of 1st period - Snap shot by Dylan Larkin.
7:01 of 1st period - Stopped by Petr Mrazek without a rebound.
7:02 of 1st period - Dylan Larkin wins face-off versus Mark Kastelic in Boston Bruins zone.
7:05 of 1st period - Wrist shot by Juraj Slafkovsky.
7:05 of 1st period - Shot Misses the Net.
7:07 of 1st period - Snap shot by Martin Necas.
7:07 of 1st period - Stopped by Petr Mrazek with a rebound.
7:11 of 1st period - Wrist shot by Dylan Larkin.
7:11 of 1st period - Goal by Dylan Larkin - Boston Bruins : 0 - Montreal Canadiens : 2.
7:12 of 1st period - Dylan Larkin wins face-off versus Joel Farabee in neutral zone.
7:26 of 1st period - Minor Penalty to Samuel Girard for High sticking.
7:27 of 1st period - Macklin Celebrini wins face-off versus Ryan Strome in Boston Bruins zone.
7:39 of 1st period - Snap shot by Juraj Slafkovsky.
7:39 of 1st period - Stopped by Petr Mrazek with a rebound.
7:41 of 1st period - Snap shot by Macklin Celebrini.
7:41 of 1st period - Shot Misses the Net.
7:43 of 1st period - Wrist shot by Juraj Slafkovsky.
7:43 of 1st period - Deflect By Rasmus Sandin.
7:43 of 1st period - Stopped by Petr Mrazek without a rebound.
7:44 of 1st period - Dylan Larkin wins face-off versus Jaden Schwartz in Boston Bruins zone.
7:49 of 1st period - Wrist shot by Dylan Larkin.
7:49 of 1st period - Shot Misses the Net.
7:55 of 1st period - Wrist shot by Martin Necas.
7:55 of 1st period - Stopped by Petr Mrazek with a rebound.
7:57 of 1st period - Wrist shot by Dylan Larkin.
7:57 of 1st period - Shot Misses the Net.
7:59 of 1st period - Slapshot by Lane Hutson.
7:59 of 1st period - Stopped by Petr Mrazek without a rebound.
8:00 of 1st period - Ryan Strome wins face-off versus Macklin Celebrini in Boston Bruins zone.
8:13 of 1st period - Wrist shot by Macklin Celebrini.
8:13 of 1st period - Stopped by Petr Mrazek with a rebound.
8:15 of 1st period - Snap shot by Juraj Slafkovsky.
8:15 of 1st period - Stopped by Petr Mrazek without a rebound.
8:16 of 1st period - Jaden Schwartz wins face-off versus Dylan Larkin in Boston Bruins zone.
9:26 of 1st period - Penalty to Samuel Girard is over, Samuel Girard is back on ice.
9:33 of 1st period - Vladimir Tarasenko is hit by Lane Hutson and loses puck.
9:44 of 1st period - Snap shot by Teddy Blueger.
9:44 of 1st period - Stopped by Petr Mrazek with a rebound.
9:46 of 1st period - Slapshot by Teddy Blueger.
9:46 of 1st period - Shot Misses the Net.
10:00 of 1st period - Snap shot by Jani Nyman.
10:00 of 1st period - Shot Misses the Net.
10:16 of 1st period - Snap shot by Sam Colangelo.
10:16 of 1st period - Stopped by Pyotr Kochetkov with a rebound.
10:18 of 1st period - Wrist shot by Taylor Raddysh.
10:18 of 1st period - Goal by Taylor Raddysh - Boston Bruins : 1 - Montreal Canadiens : 2.
10:19 of 1st period - Aliaksei Protas wins face-off versus Joel Farabee in neutral zone.
10:28 of 1st period - Wrist shot by Brad Marchand.
10:28 of 1st period - Stopped by Petr Mrazek without a rebound.
10:29 of 1st period - Joel Farabee wins face-off versus Macklin Celebrini in Boston Bruins zone.
11:11 of 1st period - Wrist shot by Brad Marchand.
11:11 of 1st period - Stopped by Petr Mrazek with a rebound.
11:17 of 1st period - Slapshot by Macklin Celebrini.
11:17 of 1st period - Shot Misses the Net.
11:21 of 1st period - Slapshot by Macklin Celebrini.
11:21 of 1st period - Stopped by Petr Mrazek with a rebound.
11:23 of 1st period - Slapshot by Aliaksei Protas.
11:23 of 1st period - Shot Misses the Net.
11:27 of 1st period - Wrist shot by Aliaksei Protas.
11:27 of 1st period - Shot Blocked by John Marino.
11:29 of 1st period - Slapshot by Lane Hutson.
11:29 of 1st period - Shot Misses the Net.
11:45 of 1st period - Wrist shot by Aliaksei Protas.
11:45 of 1st period - Shot Misses the Net.
11:47 of 1st period - Slapshot by Lane Hutson.
11:47 of 1st period - Shot Blocked by Rasmus Sandin.
11:51 of 1st period - Slapshot by Aliaksei Protas.
11:51 of 1st period - Shot Misses the Net.
11:53 of 1st period - Slapshot by Damon Severson.
11:53 of 1st period - Stopped by Petr Mrazek with a rebound.
11:55 of 1st period - Slapshot by Lane Hutson.
11:55 of 1st period - Shot Misses the Net.
12:25 of 1st period - Snap shot by Aliaksei Protas.
12:25 of 1st period - Stopped by Petr Mrazek with a rebound.
12:27 of 1st period - Slapshot by Lane Hutson.
12:27 of 1st period - Deflect By Macklin Celebrini.
12:27 of 1st period - Stopped by Petr Mrazek with a rebound.
12:29 of 1st period - Wrist shot by Aliaksei Protas.
12:29 of 1st period - Goal by Aliaksei Protas - Boston Bruins : 1 - Montreal Canadiens : 3.
12:30 of 1st period - Dylan Larkin wins face-off versus Jaden Schwartz in neutral zone.
13:04 of 1st period - Brady Skjei is hit by Adam Wilsby and loses puck.
13:13 of 1st period - Adam Wilsby is hit by Teddy Blueger.
13:46 of 1st period - Wrist shot by Vladimir Tarasenko.
13:46 of 1st period - Stopped by Pyotr Kochetkov without a rebound.
13:47 of 1st period - Mark Kastelic wins face-off versus Dylan Larkin in Montreal Canadiens zone.
13:52 of 1st period - Slapshot by Vladimir Tarasenko.
13:52 of 1st period - Shot Blocked by Martin Necas.
13:54 of 1st period - Wrist shot by Maxim Tsyplakov.
13:54 of 1st period - Shot Misses the Net.
13:56 of 1st period - Slapshot by Ty Emberson.
13:56 of 1st period - Stopped by Pyotr Kochetkov without a rebound.
13:57 of 1st period - Dylan Larkin wins face-off versus Mark Kastelic in Montreal Canadiens zone.
14:06 of 1st period - Wrist shot by Dylan Larkin.
14:06 of 1st period - Shot Misses the Net.
14:08 of 1st period - Slapshot by Dylan Larkin.
14:08 of 1st period - Shot Blocked by Maxim Tsyplakov.
14:16 of 1st period - Slapshot by Martin Necas.
14:16 of 1st period - Stopped by Petr Mrazek with a rebound.
15:11 of 1st period - Wrist shot by Maxim Tsyplakov.
15:11 of 1st period - Shot Blocked by Brady Skjei.
15:21 of 1st period - Wrist shot by Dylan Larkin.
15:21 of 1st period - Deflect By Samuel Girard.
15:21 of 1st period - Shot Blocked by Ty Emberson.
15:21 of 1st period - Puck is out of play.
15:22 of 1st period - Jake Evans wins face-off versus Jaden Schwartz in Boston Bruins zone.
15:23 of 1st period - Snap shot by Patrik Laine.
15:23 of 1st period - Stopped by Petr Mrazek with a rebound.
15:36 of 1st period - Snap shot by Jaden Schwartz.
15:36 of 1st period - Shot Blocked by Jayden Struble.
15:38 of 1st period - Slapshot by John Marino.
15:38 of 1st period - Shot Blocked by Jayden Struble.
15:48 of 1st period - Rasmus Sandin is hit by Brad Marchand and loses puck.
15:55 of 1st period - Wrist shot by Brad Marchand.
15:55 of 1st period - Stopped by Petr Mrazek without a rebound.
15:56 of 1st period - Macklin Celebrini wins face-off versus Jaden Schwartz in Boston Bruins zone.
15:57 of 1st period - Wrist shot by Aliaksei Protas.
15:57 of 1st period - Deflect By Macklin Celebrini.
15:57 of 1st period - Shot Misses the Net.
15:57 of 1st period - Puck is out of play.
15:58 of 1st period - Macklin Celebrini wins face-off versus Jaden Schwartz in Boston Bruins zone.
15:59 of 1st period - Slapshot by Aliaksei Protas.
15:59 of 1st period - Shot Misses the Net.
19:03 of 1st period - Wrist shot by Vladimir Tarasenko.
19:03 of 1st period - Stopped by Pyotr Kochetkov with a rebound.
19:05 of 1st period - Snap shot by John Marino.
19:05 of 1st period - Stopped by Pyotr Kochetkov with a rebound.
19:07 of 1st period - Slapshot by Vladimir Tarasenko.
19:07 of 1st period - Stopped by Pyotr Kochetkov without a rebound.
19:08 of 1st period - Joel Farabee wins face-off versus Jake Evans in Montreal Canadiens zone.
19:17 of 1st period - Snap shot by Jani Nyman.
19:17 of 1st period - Stopped by Pyotr Kochetkov without a rebound.
19:18 of 1st period - Jake Evans wins face-off versus Joel Farabee in Montreal Canadiens zone.
19:18 of 1st period - Jake Evans is hit by Jani Nyman.
19:24 of 1st period - Jani Nyman is hit by Brady Skjei and loses puck.
Goals for this period are 1 for Boston Bruins vs 3 for Montreal Canadiens.
Shots for this period are 11 for Boston Bruins vs 25 for Montreal Canadiens.

2nd period


0:01 of 2nd period - Martin Necas wins face-off versus Jaden Schwartz in neutral zone.
0:08 of 2nd period - Wrist shot by Dylan Larkin.
0:08 of 2nd period - Shot Blocked by Adam Wilsby.
0:10 of 2nd period - Slapshot by Brady Skjei.
0:10 of 2nd period - Stopped by Petr Mrazek with a rebound.
0:12 of 2nd period - Slapshot by Brady Skjei.
0:12 of 2nd period - Shot Misses the Net.
0:14 of 2nd period - Wrist shot by Juraj Slafkovsky.
0:14 of 2nd period - Stopped by Petr Mrazek with a rebound.
0:16 of 2nd period - Snap shot by Juraj Slafkovsky.
0:16 of 2nd period - Shot Misses the Net.
0:50 of 2nd period - Ryan Poehling is hit by Beck Malenstyn and loses puck.
1:07 of 2nd period - Wrist shot by Viktor Arvidsson.
1:07 of 2nd period - Shot Blocked by Teddy Blueger.
1:17 of 2nd period - Adam Wilsby is hit by Jayden Struble and loses puck.
1:32 of 2nd period - Martin Necas is hit by Ryan Strome and loses puck.
1:56 of 2nd period - Backhand shot by Maxim Tsyplakov.
1:56 of 2nd period - Shot Misses the Net.
2:52 of 2nd period - Juraj Slafkovsky is hit by Alex Laferriere and loses puck.
3:01 of 2nd period - Juraj Slafkovsky is hit by Ryan Strome and loses puck.
4:30 of 2nd period - Urho Vaakanainen is hit by Martin Necas and loses puck.
5:13 of 2nd period - Wrist shot by Taylor Raddysh.
5:13 of 2nd period - Shot Misses the Net.
5:15 of 2nd period - Slapshot by Adam Wilsby.
5:15 of 2nd period - Stopped by Pyotr Kochetkov without a rebound.
5:16 of 2nd period - Dylan Larkin wins face-off versus Jaden Schwartz in Montreal Canadiens zone.
5:25 of 2nd period - Slapshot by Martin Necas.
5:25 of 2nd period - Deflect By Dylan Larkin.
5:25 of 2nd period - Stopped by Petr Mrazek with a rebound.
5:41 of 2nd period - Rasmus Sandin is hit by Brad Marchand and loses puck.
5:46 of 2nd period - Wrist shot by Macklin Celebrini.
5:46 of 2nd period - Shot Misses the Net.
5:52 of 2nd period - Wrist shot by Brad Marchand.
5:52 of 2nd period - Goal by Brad Marchand - Boston Bruins : 1 - Montreal Canadiens : 4.
5:53 of 2nd period - Dylan Larkin wins face-off versus Jaden Schwartz in neutral zone.
6:20 of 2nd period - Aliaksei Protas is hit by Vladimir Tarasenko.
6:27 of 2nd period - Off-side.
6:28 of 2nd period - Jake Evans wins face-off versus Mark Kastelic in neutral zone.
6:31 of 2nd period - Vladimir Tarasenko is hit by Ilya Lyubushkin and loses puck.
6:57 of 2nd period - Wrist shot by Taylor Raddysh.
6:57 of 2nd period - Shot Misses the Net.
6:59 of 2nd period - Slapshot by Rasmus Sandin.
6:59 of 2nd period - Stopped by Pyotr Kochetkov with a rebound.
7:01 of 2nd period - Slapshot by Rasmus Sandin.
7:01 of 2nd period - Deflect By Sam Colangelo.
7:01 of 2nd period - Stopped by Pyotr Kochetkov with a rebound.
7:03 of 2nd period - Wrist shot by Taylor Raddysh.
7:03 of 2nd period - Stopped by Pyotr Kochetkov without a rebound.
7:04 of 2nd period - Dylan Larkin wins face-off versus Jaden Schwartz in Montreal Canadiens zone.
7:06 of 2nd period - Icing by Juraj Slafkovsky.
7:07 of 2nd period - Dylan Larkin wins face-off versus Jaden Schwartz in Montreal Canadiens zone.
7:20 of 2nd period - Wrist shot by Ryan Strome.
7:20 of 2nd period - Shot Misses the Net.
7:39 of 2nd period - Wrist shot by Brad Marchand.
7:39 of 2nd period - Stopped by Petr Mrazek with a rebound.
8:27 of 2nd period - Icing by Beck Malenstyn.
8:28 of 2nd period - Macklin Celebrini wins face-off versus Beck Malenstyn in Boston Bruins zone.
8:55 of 2nd period - John Marino is hit by Damon Severson and loses puck.
9:14 of 2nd period - Wrist shot by Taylor Raddysh.
9:14 of 2nd period - Stopped by Pyotr Kochetkov with a rebound.
9:16 of 2nd period - Snap shot by Sam Colangelo.
9:16 of 2nd period - Stopped by Pyotr Kochetkov without a rebound.
9:17 of 2nd period - Martin Necas wins face-off versus Jaden Schwartz in Montreal Canadiens zone.
9:29 of 2nd period - Slapshot by Ryan Strome.
9:29 of 2nd period - Shot Misses the Net.
9:31 of 2nd period - Snap shot by Ryan Strome.
9:31 of 2nd period - Shot Blocked by Adam Fox.
9:33 of 2nd period - Snap shot by Jaden Schwartz.
9:33 of 2nd period - Shot Misses the Net.
9:43 of 2nd period - Vladimir Tarasenko is hit by Macklin Celebrini and loses puck.
10:12 of 2nd period - Wrist shot by Jani Nyman.
10:12 of 2nd period - Shot Misses the Net.
10:14 of 2nd period - Snap shot by Joel Farabee.
10:14 of 2nd period - Stopped by Pyotr Kochetkov with a rebound.
10:52 of 2nd period - Snap shot by Dylan Larkin.
10:52 of 2nd period - Deflect By Juraj Slafkovsky.
10:52 of 2nd period - Stopped by Petr Mrazek without a rebound.
10:53 of 2nd period - Joel Farabee wins face-off versus Dylan Larkin in Boston Bruins zone.
10:58 of 2nd period - Lane Hutson is hit by Joel Farabee and loses puck.
11:09 of 2nd period - Wrist shot by Jani Nyman.
11:09 of 2nd period - Stopped by Pyotr Kochetkov with a rebound.
12:31 of 2nd period - Jayden Struble is hit by Viktor Arvidsson and loses puck.
13:02 of 2nd period - Minor Penalty to Ryan Strome for Holding.
13:03 of 2nd period - Jaden Schwartz wins face-off versus Macklin Celebrini in Boston Bruins zone.
13:30 of 2nd period - Brad Marchand is hit by Ty Emberson and loses puck.
15:02 of 2nd period - Penalty to Ryan Strome is over, Ryan Strome is back on ice.
15:30 of 2nd period - Adam Wilsby is hit by Drew O'Connor and loses puck.
15:35 of 2nd period - Snap shot by Evgeni Dadonov.
15:35 of 2nd period - Stopped by Petr Mrazek without a rebound.
15:36 of 2nd period - Jake Evans wins face-off versus Mark Kastelic in Boston Bruins zone.
15:58 of 2nd period - Adam Fox is hit by Beck Malenstyn and loses puck.
16:32 of 2nd period - Wrist shot by Evgeni Dadonov.
16:32 of 2nd period - Deflect By Ryan Strome.
16:32 of 2nd period - Shot Misses the Net.
16:32 of 2nd period - Puck is out of play.
16:33 of 2nd period - Dylan Larkin wins face-off versus Mark Kastelic in Boston Bruins zone.
17:00 of 2nd period - Ryan Strome is hit by Aliaksei Protas.
17:08 of 2nd period - Wrist shot by Jaden Schwartz.
17:08 of 2nd period - Stopped by Pyotr Kochetkov without a rebound.
17:09 of 2nd period - Dylan Larkin wins face-off versus Jaden Schwartz in Montreal Canadiens zone.
17:16 of 2nd period - Slapshot by Lane Hutson.
17:16 of 2nd period - Stopped by Petr Mrazek with a rebound.
18:27 of 2nd period - Icing by Lane Hutson.
18:28 of 2nd period - Jaden Schwartz wins face-off versus Ryan Poehling in Montreal Canadiens zone.
19:21 of 2nd period - Snap shot by Lane Hutson.
19:21 of 2nd period - Shot Misses the Net.
19:23 of 2nd period - Slapshot by Lane Hutson.
19:23 of 2nd period - Shot Blocked by Adam Wilsby.
19:25 of 2nd period - Slapshot by Lane Hutson.
19:25 of 2nd period - Stopped by Petr Mrazek with a rebound.
19:39 of 2nd period - Slapshot by Lane Hutson.
19:39 of 2nd period - Shot Misses the Net.
19:41 of 2nd period - Snap shot by Patrik Laine.
19:41 of 2nd period - Stopped by Petr Mrazek with a rebound.
19:43 of 2nd period - Wrist shot by Jake Evans.
19:43 of 2nd period - Shot Misses the Net.
19:45 of 2nd period - Snap shot by Damon Severson.
19:45 of 2nd period - Deflect By Patrik Laine.
19:45 of 2nd period - Stopped by Petr Mrazek with a rebound.
19:49 of 2nd period - Snap shot by Lane Hutson.
19:49 of 2nd period - Stopped by Petr Mrazek with a rebound.
Goals for this period are 0 for Boston Bruins vs 1 for Montreal Canadiens.
Shots for this period are 9 for Boston Bruins vs 12 for Montreal Canadiens.

3rd period


0:01 of 3rd period - Dylan Larkin wins face-off versus Mark Kastelic in neutral zone.
0:18 of 3rd period - Brady Skjei is hit by Maxim Tsyplakov and loses puck.
0:36 of 3rd period - Snap shot by Aliaksei Protas.
0:36 of 3rd period - Stopped by Petr Mrazek without a rebound.
0:37 of 3rd period - Macklin Celebrini wins face-off versus Jaden Schwartz in Boston Bruins zone.
0:52 of 3rd period - Snap shot by Macklin Celebrini.
0:52 of 3rd period - Shot Misses the Net.
1:02 of 3rd period - Brad Marchand is hit by Ryan Strome and loses puck.
1:37 of 3rd period - Ryan Strome is hit by Damon Severson and loses puck.
2:24 of 3rd period - Snap shot by Brad Marchand.
2:24 of 3rd period - Stopped by Petr Mrazek with a rebound.
2:26 of 3rd period - Slapshot by Damon Severson.
2:26 of 3rd period - Stopped by Petr Mrazek with a rebound.
2:30 of 3rd period - Slapshot by Brad Marchand.
2:30 of 3rd period - Stopped by Petr Mrazek with a rebound.
3:08 of 3rd period - Wrist shot by Brad Marchand.
3:08 of 3rd period - Shot Misses the Net.
3:10 of 3rd period - Wrist shot by Aliaksei Protas.
3:10 of 3rd period - Stopped by Petr Mrazek with a rebound.
3:12 of 3rd period - Slapshot by Macklin Celebrini.
3:12 of 3rd period - Shot Blocked by Ryan Strome.
3:21 of 3rd period - Off-side.
3:22 of 3rd period - Dylan Larkin wins face-off versus Mark Kastelic in neutral zone.
3:30 of 3rd period - Minor Penalty to Maxim Tsyplakov for Slashing.
3:31 of 3rd period - Dylan Larkin wins face-off versus Jani Nyman in Boston Bruins zone.
4:14 of 3rd period - Martin Necas is hit by Mark Kastelic and loses puck.
5:30 of 3rd period - Penalty to Maxim Tsyplakov is over, Maxim Tsyplakov is back on ice.
5:52 of 3rd period - Snap shot by Maxim Tsyplakov.
5:52 of 3rd period - Stopped by Pyotr Kochetkov with a rebound.
5:54 of 3rd period - Wrist shot by Jani Nyman.
5:54 of 3rd period - Deflect By Maxim Tsyplakov.
5:54 of 3rd period - Shot Misses the Net.
5:54 of 3rd period - Puck is out of play.
5:55 of 3rd period - Jake Evans wins face-off versus Mark Kastelic in Montreal Canadiens zone.
6:12 of 3rd period - Icing by Jake Evans.
6:13 of 3rd period - Jake Evans wins face-off versus Beck Malenstyn in Montreal Canadiens zone.
6:18 of 3rd period - Snap shot by Patrik Laine.
6:18 of 3rd period - Deflect By Taylor Raddysh.
6:18 of 3rd period - Shot Misses the Net.
6:18 of 3rd period - Puck is out of play.
6:19 of 3rd period - Mark Kastelic wins face-off versus Martin Necas in Boston Bruins zone.
6:19 of 3rd period - Mark Kastelic is hit by Lane Hutson.
7:26 of 3rd period - Minor Penalty to Urho Vaakanainen for Tripping.
7:27 of 3rd period - Macklin Celebrini wins face-off versus Jaden Schwartz in Boston Bruins zone.
7:33 of 3rd period - Snap shot by Macklin Celebrini.
7:33 of 3rd period - Stopped by Petr Mrazek with a rebound.
7:35 of 3rd period - Slapshot by Brady Skjei.
7:35 of 3rd period - Shot Misses the Net.
8:44 of 3rd period - Vladimir Tarasenko is hit by Ryan Poehling and loses puck.
9:26 of 3rd period - Penalty to Urho Vaakanainen is over, Urho Vaakanainen is back on ice.
11:06 of 3rd period - Brady Skjei is hit by Adam Wilsby.
11:35 of 3rd period - Maxim Tsyplakov is hit by Dylan Larkin.
11:51 of 3rd period - Icing by Patrik Laine.
11:52 of 3rd period - Jake Evans wins face-off versus Viktor Arvidsson in Montreal Canadiens zone.
11:52 of 3rd period - Jake Evans is hit by Joel Farabee.
12:22 of 3rd period - Adam Fox is hit by Mark Kastelic and loses puck.
12:32 of 3rd period - Icing by Vladimir Tarasenko.
12:33 of 3rd period - Dylan Larkin wins face-off versus Jaden Schwartz in Boston Bruins zone.
12:51 of 3rd period - Lane Hutson is hit by Jaden Schwartz and loses puck.
13:04 of 3rd period - Snap shot by Patrik Laine.
13:04 of 3rd period - Shot Misses the Net.
13:08 of 3rd period - Slapshot by Patrik Laine.
13:08 of 3rd period - Shot Misses the Net.
13:10 of 3rd period - Wrist shot by Lane Hutson.
13:10 of 3rd period - Deflect By Jake Evans.
13:10 of 3rd period - Shot Blocked by Maxim Tsyplakov.
13:10 of 3rd period - Puck is out of play.
13:11 of 3rd period - Macklin Celebrini wins face-off versus Joel Farabee in Boston Bruins zone.
13:24 of 3rd period - Snap shot by Jani Nyman.
13:24 of 3rd period - Stopped by Pyotr Kochetkov without a rebound.
13:25 of 3rd period - Dylan Larkin wins face-off versus Mark Kastelic in Montreal Canadiens zone.
14:42 of 3rd period - Snap shot by Taylor Raddysh.
14:42 of 3rd period - Shot Misses the Net.
14:44 of 3rd period - Slapshot by Ty Emberson.
14:44 of 3rd period - Shot Misses the Net.
14:46 of 3rd period - Slapshot by Taylor Raddysh.
14:46 of 3rd period - Stopped by Pyotr Kochetkov without a rebound.
14:47 of 3rd period - Dylan Larkin wins face-off versus Mark Kastelic in Montreal Canadiens zone.
14:55 of 3rd period - Minor Penalty to Mark Kastelic for Tripping.
14:56 of 3rd period - Jaden Schwartz wins face-off versus Juraj Slafkovsky in Boston Bruins zone.
14:56 of 3rd period - Jaden Schwartz is hit by Macklin Celebrini.
15:40 of 3rd period - Ty Emberson is hit by Damon Severson.
16:55 of 3rd period - Penalty to Mark Kastelic is over, Mark Kastelic is back on ice.
18:05 of 3rd period - Minor Penalty to Jake Evans for Delaying the game.
18:06 of 3rd period - Jaden Schwartz wins face-off versus Teddy Blueger in Montreal Canadiens zone.
18:08 of 3rd period - Slapshot by Alex Laferriere.
18:08 of 3rd period - Goal by Alex Laferriere - Boston Bruins : 2 - Montreal Canadiens : 4.
18:09 of 3rd period - Dylan Larkin wins face-off versus Joel Farabee in neutral zone.
18:12 of 3rd period - Ty Emberson is hit by Juraj Slafkovsky and loses puck.
18:19 of 3rd period - Slapshot by Samuel Girard.
18:19 of 3rd period - Deflect By Jani Nyman.
18:19 of 3rd period - Shot Blocked by Adam Fox.
18:19 of 3rd period - Puck is out of play.
18:20 of 3rd period - Jake Evans wins face-off versus Joel Farabee in Montreal Canadiens zone.
18:22 of 3rd period - Minor Penalty to Adam Fox for Tripping.
18:23 of 3rd period - Jake Evans wins face-off versus Jani Nyman in Montreal Canadiens zone.
18:33 of 3rd period - Slapshot by Rasmus Sandin.
18:33 of 3rd period - Goal by Rasmus Sandin - Boston Bruins : 3 - Montreal Canadiens : 4.
18:34 of 3rd period - Patrik Laine wins face-off versus Joel Farabee in neutral zone.
18:49 of 3rd period - Brady Skjei is hit by Jani Nyman and loses puck.
18:58 of 3rd period - Minor Penalty to Samuel Girard for Tripping.
18:59 of 3rd period - Macklin Celebrini wins face-off versus Jaden Schwartz in Boston Bruins zone.
19:14 of 3rd period - Wrist shot by Macklin Celebrini.
19:14 of 3rd period - Stopped by Petr Mrazek with a rebound.
Goals for this period are 2 for Boston Bruins vs 0 for Montreal Canadiens.
Shots for this period are 5 for Boston Bruins vs 7 for Montreal Canadiens.